Cogmind - Beta 9.6 @@@ ROGUE MODE // 2020.08.29 @ 17:10:20 Player: rep Result: Destroyed by G-47 Trooper with Particle Gun Performance ------------- Evolutions (0) 0 Regions Visited (2) 400 Robots Destroyed (35) 175 Value Destroyed (695) 695 Prototype IDs (0) 0 Alien Tech Used (0) 0 Bonus (0) 0 TOTAL SCORE: 1270 Bonus ------- None Cogmind --------- Core Integrity 0/250 Matter 290/300 Energy 125/125 System Corruption 0% Temperature Cool (9) Movement Walking (150) Ox1 Location -10/Mines Parts ------- > --- POWER (1) -------- Light Ion Engine > --- PROPULSION (2) --- Aluminum Leg Aluminum Leg > --- UTILITY (2) ------ Large Storage Unit Large Storage Unit > --- WEAPON (2) ------- Particle Gun Light Assault Rifle > --- INVENTORY (16) --- Aluminum Leg Aluminum Leg Aluminum Leg Aluminum Leg Aluminum Leg Aluminum Leg Heat Sink Terrain Scanner Spread Laser Spread Laser Mining Claw Peak State ------------ > --- POWER ------------ Light Nuclear Core > --- PROPULSION ------- Aluminum Leg Aluminum Leg > --- UTILITY ---------- Large Storage Unit Light Armor Plating > --- WEAPON ----------- Assault Rifle Light Assault Rifle > --- INVENTORY -------- Ion Engine Aluminum Leg Aluminum Leg Aluminum Leg Aluminum Leg Large Storage Unit Terrain Scanner Spread Laser Spread Laser [Rating: 10] Favorites ----------- Power Ion Engine Engine Ion Engine Power Core Light Nuclear Core Propulsion Aluminum Leg Leg Aluminum Leg Utility Large Storage Unit Device Terrain Scanner Storage Large Storage Unit Protection Light Armor Plating Weapon Light Assault Rifle Energy Gun Particle Gun Ballistic Gun Light Assault Rifle Slashing Weapon Mining Claw Build | -11 -10 -10 ------- Run | Scr Mat Min Slots Evolved . | . . . Power . | . . . Propulsion . | . . . Utility . | . . . Weapon . | . . . Parts Attached 33 | 7 16 10 Power 5 | 1 2 2 Engine 4 | 1 1 2 Core 1 | . 1 . Reactor . | . . . Propulsion 10 | 2 6 2 Treads . | . . . Leg 10 | 2 6 2 Wheel . | . . . Hover . | . . . Flight . | . . . Utility 7 | 2 4 1 Device 1 | . 1 . Storage 5 | 2 2 1 Processor . | . . . Hackware . | . . . Protection 1 | . 1 . Artifact . | . . . Weapon 11 | 2 4 5 Energy Gun 3 | . 1 2 Energy Cannon . | . . . Ballistic Gun 7 | 2 3 2 Ballistic Cannon . | . . . Launcher . | . . . Special Weapon . | . . . Impact Weapon . | . . . Slashing Weapon 1 | . . 1 Piercing Weapon . | . . . Special Melee Weapon . | . . . Unidentified Prototypes . | . . . Parts Lost 6 | . 1 5 Power 2 | . . 2 Propulsion . | . . . Utility 1 | . . 1 Weapon 3 | . 1 2 Highest Loss Streak 2 | . 1 2 Average Slot Usage (%) 99 | . 99 96 Engine 10 | . 10 11 Core 3 | . 3 2 Leg 27 | . 27 28 Device 6 | . 8 . Storage 17 | . 14 25 Protection 3 | . 4 . Ballistic Gun 26 | . 27 21 Naked Turns . | . . . Heaviest Build 40 | 14 27 40 Greatest Support 20 | 20 20 20 Greatest Overweight (x) 2 | 2 2 1 Average Overweight (x) . | . . . Largest Inventory Capacity 16 | 8 10 16 Average Capacity 9 | 6 8 14 Most Carried 13 | 6 10 13 Average Carried 8 | 4 7 11 Final Capacity 16 | 8 10 16 Final Carried 11 | 5 10 11 Class Distribution -------------------- 63% | Scavenger-Mutant 36% | Mutant Dominant Class ---------------- Scavenger-Mutant | -10/Materials Scavenger-Mutant | -10/Mines Resources | -11 -10 -10 ----------- Run | Scr Mat Min Matter Collected 934 | 294 495 145 Remotely . | . . . Salvage Created 1230 | 96 842 292 Parts 71 | 3 48 20 Haulers Intercepted 2 | . 2 . Recyclers Shooed 4 | . 3 1 Parts Field Recycled . | . . . Retrieved Matter . | . . . Parts Self-Destructed . | . . . Prevented . | . . . Kills | -11 -10 -10 ------- Run | Scr Mat Min Combat Hostiles Destroyed 25 | . 15 10 Melee 2 | . . 2 Guns 23 | . 15 8 Classes Destroyed 8 | 1 6 1 Worker 1 | . 1 . Hauler 2 | . 2 . Recycler 4 | 1 2 1 Operator 2 | . 2 . Watcher 1 | . 1 . Swarmer 9 | . 3 6 Grunt 14 | . 12 2 Assembled 2 | . . 2 Best Kill Streak 6 | 1 6 3 Combat Bots Only 4 | . 4 3 Max Kills in Single Turn 2 | 1 1 2 Gunslinging 1 | . . 1 Exploded . | . . . Melee 1 | . . 1 Uniques/NPCs Destroyed . | . . . Combat | -11 -10 -10 -------- Run | Scr Mat Min Damage Taken 1495 | . 956 539 Core 264 | . 178 86 Absorbed by Shields . | . . . Core Remaining (%) 100 | 100 . . Volleys Fired 124 | 6 92 26 Largest 2 | 2 2 2 Hottest 85 | 40 85 85 Shots Fired 247 | 12 184 51 Gun 247 | 12 184 51 Cannon . | . . . Launcher . | . . . Special . | . . . Kinetic 240 | 12 178 50 Thermal 7 | . 6 1 Explosive . | . . . Electromagnetic . | . . . Robot Hit Streak 16 | 3 16 5 Robot Miss Streak 5 | 1 4 5 Penetration Max . | . . . Secondary Targets 4 | . 2 2 Max Gunslinging Chain 1 | . 1 1 Shots Hit Robots 153 | 8 116 29 Core Hits 70 | 3 51 16 Critical Hits 2 | . 1 1 Critical Kills 1 | . 1 . Critical Parts Destroyed 1 | . . 1 Melee Attacks 10 | . . 10 Impact . | . . . Slashing 10 | . . 10 Piercing . | . . . Sneak Attacks . | . . . Combat Hostiles . | . . . Follow-up Attacks . | . . . Damage Inflicted 1661 | 73 1212 376 Guns 1514 | 73 1212 229 Cannons . | . . . Explosions . | . . . Melee 147 | . . 147 Ramming . | . . . Kinetic 1433 | 73 1134 226 Thermal 81 | . 78 3 Explosive . | . . . Electromagnetic . | . . . Impact . | . . . Slashing 147 | . . 147 Piercing . | . . . Highest Corruption . | . . . Average Corruption . | . . . Corruption Purged . | . . . Overload Shots . | . . . Overflow Damage 16 | . . 16 Projectiles . | . . . Explosions . | . . . Melee 16 | . . 16 Knockbacks . | . . . Impact . | . . . Kinetic . | . . . Secondary . | . . . Self-Inflicted Damage . | . . . Shots . | . . . Rammed . | . . . Targets Rammed . | . . . Kicked . | . . . Crushed . | . . . Highest Temperature 121 | . 121 48 Average Temperature 27 | . 33 7 Received Heat Transfer 733 | . 453 280 Siege Activations . | . . . Robots Corrupted . | . . . Combat Hostiles . | . . . Parts Fried . | . . . Impact Corruptions . | . . . Robots Melted . | . . . Combat Hostiles . | . . . Parts Melted . | . . . Heat Transferred 190 | . 185 5 Parts Sabotaged . | . . . Parts Stolen . | . . . Parts Stripped . | . . . Power Chain Reactions . | . . . Missiles Intercepted . | . . . Alert | -11 -10 -10 ------- Run | Scr Mat Min Peak Influence 223 | 5 218 223 Average Influence 112 | 1 102 174 Maximum Alert Level 1 | . 1 1 Low Security (%) 85 | 100 97 39 Level 1 14 | . 2 60 Level 2 . | . . . Level 3 . | . . . Level 4 . | . . . Level 5 . | . . . High Security . | . . . Max Security . | . . . Squads Dispatched 4 | . 4 . Investigation 1 | . 1 . Extermination . | . . . Reinforcement 3 | . 3 . Assault . | . . . Garrison . | . . . Intercept . | . . . Construction Impeded . | . . . Haulers Reinforced . | . . . Stealth | -11 -10 -10 --------- Run | Scr Mat Min Distress Signals 1 | . 1 . Communications Jammed . | . . . Distress Signals . | . . . Times Spotted 43 | . 32 11 Peak Tracking Total 8 | . 8 3 Tactical Retreats 2 | . 2 . Traps | -11 -10 -10 ------- Run | Scr Mat Min Traps Triggered 1 | . 1 . Indirectly . | . . . Trap Hack Attempts . | . . . Triggered . | . . . Disarmed 6 | . 6 . Reprogrammed . | . . . Reused . | . . . Traps Extracted . | . . . Installed . | . . . Triggered . | . . . Machines | -11 -10 -10 ---------- Run | Scr Mat Min Machines Disabled . | . . . Max in Single Turn . | . . . Machines Sabotaged . | . . . Garrisons Compromised . | . . . Overloaded Fab Kills . | . . . Fab Network Shutdowns . | . . . Hacking | -11 -10 -10 --------- Run | Scr Mat Min Machines Accessed 6 | . 5 1 Terminals 6 | . 5 1 Fabricators . | . . . Repair Stations . | . . . Recycling Units . | . . . Scanalyzers . | . . . Garrison Access . | . . . Total Hacks 17 | . 15 2 Successful 8 | . 8 . Failed 9 | . 7 2 Catastrophic . | . . . Database Lockouts . | . . . Manual 13 | . 12 1 Terminals 17 | . 15 2 Fabricators . | . . . Repair Stations . | . . . Recycling Units . | . . . Scanalyzers . | . . . Garrison Access . | . . . Terminal Hacks 4 | . 4 . Robot Analysis 1 | . 1 . Branch Access Points 1 | . 1 . Disarm Traps 1 | . 1 . Zone Layout 1 | . 1 . Fabricator Hacks . | . . . Repair Station Hacks . | . . . Recycling Unit Hacks . | . . . Scanalyzer . | . . . Garrison Access Hacks . | . . . Unauthorized Hacks 4 | . 4 . Terminals 4 | . 4 . Assimilate 1 | . 1 . Botnet 3 | . 3 . Fabricators . | . . . Repair Stations . | . . . Recycling Units . | . . . Scanalyzers . | . . . Garrison Access . | . . . Data Cores Recovered 1 | . 1 . Used . | . . . Hacking Detections 3 | . 2 1 Full Trace Events 2 | . 2 . Feedback Events . | . . . Feedback Blocked . | . . . Robot Schematics Acquired . | . . . Robots Built . | . . . Matter . | . . . Time . | . . . Total Robot Build Rating . | . . . Part Schematics Acquired . | . . . Parts Built . | . . . Matter . | . . . Time . | . . . Total Part Build Rating . | . . . Parts Repaired . | . . . Time . | . . . Parts Recycled . | . . . Recycled Matter . | . . . Retrieved Matter . | . . . Retrieved Components . | . . . Parts Scanalyzed . | . . . Part Schematics Acquired . | . . . Parts Damaged . | . . . Bothacking | -11 -10 -10 ------------ Run | Scr Mat Min Used RIF Installer . | . . . Robots Hacked . | . . . Non-combat . | . . . Combat . | . . . Robot Hacks Applied . | . . . Relay Couplers Released . | . . . Robots Rewired . | . . . Allies Hacked . | . . . Hacks Repelled . | . . . Allies | -11 -10 -10 -------- Run | Scr Mat Min Total Allies . | . . . Largest Group . | . . . Highest-Rated Group . | . . . Highest-Rated Ally . | . . . Total Orders . | . . . Ally Attacks . | . . . Total Damage . | . . . Kills . | . . . Allies Corrupted . | . . . Allies Melted . | . . . Intel | -11 -10 -10 ------- Run | Scr Mat Min Robot Analysis Total 1 | . 1 . Derelict Logs Recovered . | . . . Drone Launches . | . . . Drone Recoveries . | . . . Exploration | -11 -10 -10 ------------- Run | Scr Mat Min Turns Passed 1559 | 84 1139 336 Spaces Moved 806 | 45 620 141 Core 12 | 12 . . Treads . | . . . Legs 794 | 33 620 141 Wheels . | . . . Hover . | . . . Flight . | . . . Fastest Speed 50 | 50 120 120 Average Speed 134 | 112 132 149 Slowest Speed 180 | 150 180 150 Overloaded Moves . | . . . Propulsion Burnouts . | . . . Robots Hopped . | . . . Cave-ins Triggered . | . . . Exploration Rate (%) 38 | 3 88 23 Regions Visited 2 Branch Regions 1 Pre-discovered Areas . | . . . Known Exits Taken 1 | . 1 . Unknown Exits Taken 1 | 1 . . Scrap Searched 1 | . . 1 Spaces Dug . | . . . Terrain Destroyed . | . . . Melee . | . . . Projectile . | . . . AOE . | . . . Actions | -11 -10 -10 --------- Run | Scr Mat Min Total 1043 | 65 775 203 Wait 19 | . 10 9 Move 804 | 44 619 141 Hop . | . . . Pick Up 32 | 8 19 5 Fast Attach 5 | 4 1 . Attach 10 | 3 2 5 Detach . | . . . Swap 18 | . 13 5 Drop 21 | . 19 2 Fire 124 | 6 92 26 Melee 10 | . . 10 Ram . | . . . Kick . | . . . Crush . | . . . Escape Stasis . | . . . Rewire . | . . . Trap . | . . . Miscellaneous . | . . . Route ------- -11/Scrapyard -10/Materials (discovered 3 exits: [*Mat x2] / *Min) -10/Mines History --------- Turn | Location | Event 20 | -11/Scrapyard | Discovered new exit (range 13) 85 | -11/Scrapyard | Entered Materials 306 | -10/Materials | Build established: Mutant 313 | -10/Materials | Identified exit to Mines 316 | -10/Materials | Discovered new exit (range 5) 724 | -10/Materials | Discovered new exit (range 3) 856 | -10/Materials | Build established: Scavenger-Mutant 921 | -10/Materials | Core integrity fell below 50% 1224 | -10/Materials | Entered Mines 1225 | -10/Mines | Assembled infested the area 1445 | -10/Mines | Core integrity fell below 20% 1560 | -10/Mines | Destroyed by G-47 Trooper with Particle Gun Last Messages --------------- 01376_ Found 28 Matter. 01376_ Found Sml. Laser. 01376_ Found Lgt. Ion Engine. 01376_ Found Lrg. Matter Pod. 01376_ Found Sml. Storage Unit. 01377_ R-06 Scavenger collects Lgt. Ion Engine. 01381_ R-06 Scavenger collects Flight Unit. 01384_ R-06 Scavenger collects Lgt. Assault Rifle. 01405_ K-01 Serf collects debris. 01411_ K-01 Serf destroyed. 01416_ K-01 Serf collects debris. 01427_ Lgt. Assault Rifle destroyed. 01449_ as-55729 destroyed. 01452_ Acquired 10 matter. 01482_ Ion Engine destroyed. 01492_ Destroyed Asb. F-torch. 01492_ Destroyed Asb. Hover Unit. 01495_ as-17695 destroyed. 01498_ Acquired 10 matter. 01515_ K-01 Serf collects debris. Map ----- +----------------------------------------------------+ | ??????????????????????????????????????? | | ??????????????????????????????????????? | | ??????????????????????????????????????? | | ??????????????????????????????????????? | | ??????????????????????????????????????? | | #?????????????????????????????????????? | | #?????????????###?????????????????????? | | #?????????????#T#######???????????????? | | #?????????????# #???????????????? | | ##????????????# = = #???????????????? | | ##???######### % [ #???????????????? | | ##??#[%=% =!! """ #???????????????? | | ##?#%####### """ #???????????????? | | #?#%#?????# """ #???????????????? | | ###=#?????# #???????????????? | | !% %[#?????#########???????????????? | | !* =%#?????????????????????????????? | | ######?????????????????????????????? | | #??????????????????????????????????? | | ##??????????????????????????????????? | | ##???????????????????????????????????? | | ##????????????????????????????????????? | | ?????????????????????????????#????????? | | ???????????????????????????? #????????? | | #??????????????????????#####g#????????? | | ##?????????????????????# @ g #????????? | | #?????????????????????# #####????????? | | #########??????######## #????????????? | | % #????### #????????????? | | ######## #???## #####????????????? | | ???????# ##### #????????????????? | | ???????#% #????????????????? | | ???????######## ##????????????????? | | ??????????????#######?????????????????? | | ??????????????????????????????????????? | | ??????????????????????????????????????? | | ??????????????????????????????????????? | | ??????????????????????????????????????? | | | | | | | | | | | | | | | | | | | | | | | | | +----------------------------------------------------+ Best States ------------- Heat Dissipation 25 Energy Generation 14 Energy Capacity 250 Matter Stores 300 Matter Capacity 300 Sight Range 16 Terrain Scan Range 14 Terrain Scan Density 10 Armor Coverage 150 Evasion (%) 40 Item Schematics ----------------- None Robot Schematics ------------------ None Fabricated ------------ Nothing Alien Tech Used ----------------- None Achievements -------------- None Challenges ------------ None Game ------ Seed InsulatedLightningUnit Manual? 0 Play Time 00:23:38 Cumulative 15.1 hours Start 2020.08.29 @ 16:47:50 End 2020.08.29 @ 17:10:20 Sessions 1 Manual Loads 0 Difficulty Rogue Special Mode None Game No. 11 Rogue 11 Adventurer 0 Explorer 0 Win Type - Total 0 Types 0/0/0/0/0/0/0 Lore% 9 Gallery% 19 Achievement% 15 Wizard Run 0 Options --------- ASCII 0 Keyboard 1 Movement Numpad Keybinds 1 Fullscreen 2 Font 18/Terminus Map View 76x50 Tactical HUD 1 Map Filters NONE Filters NONE Steam 1 RUN: 81d38990-083f-4ed7-92fd-ffab3e083b68